 Dungeon Crawl Stone Soup version 0.28-a0-1038-g9c4cb8273d (webtiles) character file.

Game seed: 4189481554998540939

4406 hittemvvvvhard the Slinger (level 10, 0/75 HPs)
             Began as a Djinni Cinder Acolyte on Dec 7, 2021.
             Was a Follower of Ru.
             Slain by a hell hound (9 damage)
             ... led by Azrael
             ... on level 13 of the Dungeon on Dec 8, 2021.
             The game lasted 00:34:07 (19024 turns).

hittemvvvvhard the Slinger (Djinni Cinder Acolyte) Turns: 19024, Time: 00:34:07

Health: 0/75       AC: 12    Str: 17    XL:     10   Next: 61%
Gold:   403        EV:  9    Int: 17    God:    Ru [*.....] SH:  7 Dex: 14

rFire   . . .      SeeInvis +   b - +0 hunting sling {autoexplore}
rCold   x . .      Faith    .   G - +2 buckler
rNeg    . . .      Spirit   .   v - +2 scale mail {rPois} {rPois}
rPois   ∞          Reflect  .   j - +2 helmet {SInv} {sInv}
rElec   .          Harm     .   h - +0 cloak
rCorr   +          Rampage  .   (no gloves)
Will    +....                   (boots unavailable)
Stlth   ..........              (no amulet)
HPRegen 0.22/turn               C - ring of resist corrosion
MPRegen 0.00/turn               F - +6 ring of dexterity

@: flying, fire susceptible
A: sickness immunity, fire resistance 2, cold vulnerability 1, missing an eye,
float, innate caster, hp casting, extra vitality 1
a: Renounce Religion


You were on level 13 of the Dungeon.
You worshipped Ru.
Ru was aware of your devotion.
You visited 2 branches of the dungeon, and saw 13 of its levels.
You also visited: Sewer.

You collected 403 gold pieces.

Inventory:

Hand Weapons
 a - a -1 falchion of flaming
 b - a +0 hunting sling (weapon) {autoexplore}
Missiles
 g - 45 poisoned darts
 m - 28 sling bullets (quivered ammo)
 o - 72 bolts
 u - 97 arrows
 Q - 111 stones
Armour
 h - a +0 cloak (worn)
 j - a +2 helmet of see invisible (worn) {sInv}
 v - a +2 scale mail of poison resistance (worn) {rPois}
 G - a +2 buckler (worn)
 H - +0 steam dragon scales
Jewellery
 C - a ring of resist corrosion (left hand)
 F - a +6 ring of dexterity (right hand)
 N - a ring of positive energy {rN+}
Wands
 q - a wand of paralysis (8)
 t - a wand of polymorph (3)
 E - a wand of acid (1)
Scrolls
 e - a scroll of amnesia
 f - a scroll of enchant weapon {unknown}
 k - 2 scrolls of silence
 n - a scroll of immolation {unknown}
 p - 2 scrolls of vulnerability {!r!r}
 s - 3 scrolls of fog
 w - a scroll of summoning {unknown}
 y - a scroll of fear {unknown}
 D - a scroll of holy word {unknown}
Potions
 c - 5 potions of curing {unknown}
 d - 3 potions of ambrosia
 l - a potion of flight {unknown}
 r - 3 potions of magic
 x - a potion of haste {unknown}
 z - a potion of experience {unknown}
 A - 2 potions of mutation {unknown}
 B - 4 potions of might


   Skills:
 + Level 7.4 Fighting
 - Level 4.2 Long Blades
 - Level 10.0 Slings
 - Level 4.0 Shields
 - Level 2.4 Spellcasting
 + Level 1.2 Evocations


You had 2 spell levels left.
You knew the following spells:

 Your Spells              Type           Power      Damage    Failure   Level
a - Scorch                Fire           20%        2d6       36%         2
b - Sting                 Tmut/Pois      40%        1d5       26%         1
c - Ensorcelled Hibernat  Hex/Ice        20%        N/A       36%         2
w - Passwall              Tmut/Erth      8%         N/A       36%         2
x - Iskenderun's Mystic   Conj/Tloc      10%        2d4       94%         4
Your spell library was empty.

Dungeon Overview and Level Annotations

Branches:
Dungeon (13/15)            Temple (1/1) D:4            Lair (0/6) D:11
    Orc (0/2) D:10          Sewer (visited)
 Vaults: D:13-14

Altars:
Ashenzari
Cheibriados
Dithmenos
Elyvilon
Fedhas
Gozag
Hepliaklqana
Kikubaaqudgha
Makhleb
Nemelex Xobeh
Okawaru
Qazlal
Ru
Sif Muna
Trog
Uskayaw
Vehumet
Wu Jian
Yredelemnul
Zin
The Shining One

Annotations:
D:6 exclusion: downstairs
D:7 exclusion: 2 downstairs
D:8 exclusion: downstairs, Erica, Joseph
D:11 exclusion: upstairs
D:13 exclusion: vampire mosquito, Azrael


Innate Abilities, Weirdness & Mutations

You are immune to sickness and miasma.
You are immune to poison.
Your flesh is very heat resistant. (rF++)
You are vulnerable to cold. (rC-)
You are missing an eye, making it more difficult to aim.
You float through the air rather than walking.
You learn spells naturally, not from books.
Your magical power is your life essence.
You have superior vitality. (+4 HP)


Message History

A sudden malevolence fills the Dungeon... and a teleportation trap spontaneously manifests!
You are suddenly yanked towards some nearby monsters!
Your surroundings seem slightly different.
A fire elemental comes into view.
You block the fire elemental's attack.
Health restored: 75 Really attack while wielding your +0 hunting sling {autoexplore}?
Okay, then.
Unknown command.
Unknown command.
Unknown command.
The komodo dragon hisses angrily.
The hell hound breathes flames at you.
The blast of flame hits the fire elemental.
The fire elemental completely resists.
The blast of flame hits the hell hound.
The hell hound completely resists.
The blast of flame hits you!! Azrael gestures at you.
The sticky flame hits you.
You are covered in liquid flames!
The hell hound bites you.
You take 24 damage, and have 51/75 hp.
GAME OVER YEAH!!
You are covered in liquid flames!
You are no longer on fire.
The hell hound breathes flames at you.
The blast of flame hits the hell hound.
The hell hound completely resists.
The blast of flame hits the fire elemental.
The fire elemental completely resists.
The blast of flame hits you!
* * * LOW HITPOINT WARNING * * *
The fire elemental closely misses you. Azrael gestures at you.
The fireball explodes!
The fireball engulfs you!!
* * * LOW HITPOINT WARNING * * *
The fireball engulfs the fire elemental.
The fire elemental completely resists.
You hear an angry buzzing noise.
You take 42 damage, and have 9/75 hp.
GAME OVER YEAH!!
The hell hound bites you!
You die...

#.#. #.#.#.....#
##...##.#.......#
##..#(..JW.#####.. .y.....
.......cc.# .......
#.##...c#h#.# ....... ###..
#...h○.#.c ....... ....
#..○h#.#.#c .......
#.[####.hE○#h#.c.. .......
#......@#E##(##. #.
.?.....###.###.....○R.....
.W
...............##...°#####
...######..######.#..l######
...........## #.##.(....l.
##.....###..###.##.####
#..#### ##..##.##.## ..
##........# ##..#....#

Skill      XL: |  1  2  3  4  5  6  7  8  9 10 |
---------------+-------------------------------+-----
Long Blades    | 3 4 |  4.2
Slings         | 2 3 4 6 8 10 | 10.0
Shields        | 2 4 |  4.0
Fighting       | 7 |  7.4
Evocations     | 1 |  1.2
Spellcasting   | |  2.4

Notes
Turn   | Place    | Note
-------+----------+-------------------------------------------
     0 | D:1      | hittemvvvvhard the Djinni Cinder Acolyte began the quest
                  | for the Orb.
     0 | D:1      | Reached XP level 1. HP: 20/20 MP: 0/0
   287 | D:1      | Reached skill level 3 in Long Blades
   293 | D:1      | Reached XP level 2. HP: 18/25 MP: 0/0
   930 | D:1      | Reached XP level 3. HP: 29/30 MP: 0/0
   930 | D:1      | Learned a level 1 spell: Sting
  1645 | D:2      | Reached skill level 4 in Long Blades
  1705 | D:2      | Reached XP level 4. HP: 28/35 MP: 0/0
  1950 | D:2      | Noticed Terence
  2635 | D:2      | Reached skill level 1 in Slings
  3020 | D:3      | Found a stormy altar of Qazlal.
  3211 | D:3      | Reached skill level 2 in Slings
  3211 | D:3      | Reached XP level 5. HP: 31/40 MP: 0/0
  3211 | D:3      | Learned a level 2 spell: Ensorcelled Hibernation
  3705 | D:4      | Found a staircase to the Ecumenical Temple.
  3711 | Temple   | Entered the Ecumenical Temple
  3853 | D:4      | Noticed an ogre
  3874 | D:4      | Killed an ogre
  3875 | D:4      | Reached skill level 3 in Slings
  3875 | D:4      | Reached XP level 6. HP: 26/46 MP: 0/0
  4217 | D:4      | Killed Terence
  4851 | D:5      | Entered Level 5 of the Dungeon
  4856 | D:5      | Found a hide-covered altar of Uskayaw.
  5004 | D:5      | Reached skill level 4 in Slings
  5006 | D:5      | HP: 8/46 [orc priest/divine providence (12)]
  5361 | D:5      | Found a glowing drain.
  5373 | Sewer    | Entered a sewer
  5693 | Sewer    | Reached XP level 7. HP: 50/50 MP: 0/0
  5693 | Sewer    | Learned a level 2 spell: Passwall
  6341 | D:5      | Reached skill level 5 in Slings
  7649 | D:6      | Reached skill level 6 in Slings
  7649 | D:6      | Reached XP level 8. HP: 35/56 MP: 0/0
  8194 | D:5      | HP: 14/56 [orc warrior (7)]
  8195 | D:5      | Reached skill level 7 in Slings
  9898 | D:6      | Reached skill level 8 in Slings
 10558 | D:7      | Reached XP level 9. HP: 42/60 MP: 0/0
 10558 | D:7      | Learned a level 4 spell: Iskenderun's Mystic Blast
 10933 | D:7      | HP: 15/60 [centaur zombie (2)]
 12017 | D:7      | Found a broken altar of Ashenzari.
 12084 | D:7      | Reached skill level 9 in Slings
 12446 | D:7      | HP: 14/60 [killer bee (8)]
 13884 | D:7      | Reached skill level 1 in Shields
 14216 | D:8      | Reached skill level 10 in Slings
 14216 | D:8      | Reached skill level 2 in Shields
 14261 | D:7      | Reached XP level 10. HP: 24/67 MP: 0/0
 14511 | D:7      | Reached skill level 4 in Fighting
 14766 | D:7      | Reached skill level 3 in Shields
 15072 | D:8      | Noticed Erica
 15183 | D:8      | Noticed Maurice
 15561 | D:8      | Reached skill level 5 in Fighting
 15561 | D:8      | Reached skill level 4 in Shields
 15680 | D:8      | Noticed a gargoyle
 15722 | D:8      | HP: 3/70 [gargoyle/stone arrow (23)]
 16100 | D:8      | Killed Maurice
 16101 | D:8      | Reached skill level 6 in Fighting
 16280 | D:8      | Found a blossoming altar of Fedhas.
 16460 | Temple   | Fell from the grace of Ignis
 16460 | Temple   | Became a worshipper of Ru the Awakened
 16826 | D:8      | Noticed Joseph
 17261 | D:9      | Found a glowing silver altar of Zin.
 17685 | D:9      | Reached skill level 7 in Fighting
 17781 | D:9      | Noticed a two-headed ogre
 18052 | D:10     | Entered Level 10 of the Dungeon
 18217 | D:10     | Found a staircase to the Orcish Mines.
 18222 | D:10     | You are sucked into a shaft and drop 1 floor!
 18234 | D:11     | Found a staircase to the Lair.
 18254 | D:10     | Noticed a cyclops
 18305 | D:11     | Gained mutation: You are missing an eye, making it more
                  | difficult to aim. [Ru sacrifice]
 18305 | D:11     | Reached * piety under Ru
 18319 | D:11     | Noticed a komodo dragon
 18402 | D:11     | HP: 6/75 [komodo dragon (21)]
 18564 | D:11     | Upgraded the game from 0.28-a0-1033-g1a2f33fa85 to
                  | 0.28-a0-1038-g9c4cb8273d
 18894 | D:11     | Killed a komodo dragon
 18895 | D:11     | Reached skill level 1 in Evocations
 18981 | D:11     | You are sucked into a shaft and drop 2 floors!
 19016 | D:13     | Noticed Azrael
 19016 | D:13     | Noticed a komodo dragon
 19020 | D:13     | Noticed a centaur warrior
 19023 | D:13     | HP: 9/75 [Azrael/fireball (26)]
 19024 | D:13     | Slain by a hell hound

Table legend: (Time is in decaauts)
 A = Elapsed time spent in this place.
 B = Non-inter-level travel time spent in this place.
 C = Inter-level travel time spent in this place.
 D = Time resting spent in this place.
 E = Time spent auto-exploring this place.
 F = Levels seen in this place.
 G = Mean time per level.
                   A        B        C        D        E       F      G
               +--------+--------+--------+--------+--------+-----+--------+
         Total |  18872 |  17700 |   1172 |   1554 |  12373 |  14 | 1348.0 |
       Dungeon |  18462 |  17301 |   1161 |   1554 |  12102 |  12 | 1538.5 |
        Temple |     25 |     15 |     10 |      0 |      0 |   1 |   25.0 |
         Sewer |    385 |    385 |      0 |      0 |    271 |   1 |  385.0 |
               +--------+--------+--------+--------+--------+-----+--------+

Top non-repeatable levels by time:
     D:7: 4137 daAuts
     D:6: 3165 daAuts
     D:5: 2875 daAuts
     D:4: 1594 daAuts
     D:2: 1508 daAuts
     D:8: 1508 daAuts
     D:1: 1338 daAuts
     D:3: 795 daAuts
    D:11: 752 daAuts
     D:9: 578 daAuts
   Sewer: 385 daAuts
    D:10: 163 daAuts
    D:13: 42 daAuts
  Temple: 25 daAuts

Table legend:
 A = Kills in this place as a percentage of kills in entire the game.
 B = Kills by you in this place as a percentage of kills by you in the entire game.
 C = Kills by friends in this place as a percentage of kills by friends in the entire game.
 D = Other kills in this place as a percentage of other kills in the entire game.
 E = Experience gained in this place as a percentage of experience gained in the entire game.
 F = Experience gained in this place divided by the number of levels of this place that you have seen.
                   A       B       C       D       E      F
               +-------+-------+-------+-------+-------+----------------------
         Total | 100.0 | 100.0 |   N/A |   N/A | 100.0 | 449.6
       Dungeon |  91.4 |  91.4 |   N/A |   N/A |  99.0 | 519.3
         Sewer |   8.6 |   8.6 |   N/A |   N/A |   1.0 |  63.0
               +-------+-------+-------+-------+-------+----------------------

Action                   |  1- 3 |  4- 6 |  7- 9 | 10-12 || total
-------------------------+-------+-------+-------+-------++-------
Melee: Falchion          |   110 |    33 |    27 |    20 ||   190
 Fire: Hunting sling     |       |   325 |   669 |   343 ||  1337
Throw: Stone             |    51 |     5 |     1 |       ||    57
       Dart              |       |       |     9 |     9 ||    18
Invok: Fiery Armour      |       |     5 |     6 |       ||    11
       Foxfire Swarm     |       |     1 |       |       ||     1
       Rising Flame      |       |       |     1 |       ||     1
       Sacrifice an Eye  |       |       |       |     1 ||     1
Evoke: Wand              |       |       |    14 |     7 ||    21
  Use: Scroll            |     2 |     2 |     5 |     6 ||    15
       Potion            |       |       |       |     3 ||     3
 Stab: Sleeping          |     1 |       |       |       ||     1
       Paralysed         |       |       |       |    19 ||    19
Armor: Robe              |    35 |     9 |       |       ||    44
       Ring mail         |       |    20 |       |       ||    20
       Scale mail        |       |    36 |   216 |    30 ||   282
       Chain mail        |       |    28 |       |       ||    28
Dodge: Dodged            |    74 |    81 |   196 |    65 ||   416
Block: Buckler           |       |       |    24 |    57 ||    81

Vanquished Creatures
  Maurice (D:8)
  A komodo dragon (D:11)
  4 steam dragons
  A water moccasin (D:7)
  A hornet zombie (D:6)
  A sky beast (D:6)
  2 orc warriors
  A black bear (D:7)
  An ogre (D:4)
  4 centaurs
  3 kobold brigands
  4 bullfrogs
  2 scorpions
  A wyvern zombie (D:8)
  5 killer bees (D:7)
  13 wights
  3 howler monkeys (D:7)
  2 bullfrog zombies
  3 centaur zombies
  2 hounds
  3 gnoll shamans
  3 orc priests
  Terence (D:4)
  An orc wizard (D:5)
  A killer bee zombie (D:5)
  A hound skeleton (D:5)
  14 gnolls
  7 adders
  2 river rats
  A shadow imp (D:7)
  A white imp (D:6)
  4 worms
  A dart slug (D:4)
  14 orcs
  8 endoplasms
  5 giant cockroaches
  9 goblins
  10 hobgoblins
  7 jackals
  5 quokkas
  17 ball pythons
  7 bats
  4 frilled lizards
  23 kobolds
  5 rats
209 creatures vanquished.

Vanquished Creatures (others)
  10 foxfires (D:5)
  61 plants
71 creatures vanquished.

Grand Total: 280 creatures vanquished You could see Azrael, a slime creature, a centaur warrior, a komodo dragon, a fire elemental, 4 hell hounds and a centaur.

Levels and vault maps discovered:
D:1:      dpeg_arrival_renting, layout_rooms, serial_forest,
          infiniplex_forest_pool, infiniplex_forest_lined_ring,
          infiniplex_forest_lined_corner, infiniplex_forest_lined_corner,
          infiniplex_forest_clump_curved, infiniplex_forest_lined_2,
          minmay_misc_feat_nine_boxes
D:2:      layout_basic, minmay_shallow_snake_nest, uniq_terence
D:3:      layout_loops_ring, grunt_qazlal_clouds
D:4:      layout_basic, minmay_temple_entry_hall
D:5:      layout_basic, nicolae_uskayaw_suspiria, portal_sewer_entry_b,
          kennysheep_windowed_goal
D:6:      layout_rooms
D:7:      layout_layer_cave, nicolae_ashenzari_panopticon, kennysheep_boxes
D:8:      layout_cave_pools, dk_xom_monty_hall, gammafunk_temple_overflow_pools,
          dk_noncrumbling_4, minmay_between, uniq_erica, uniq_joseph,
          uniq_maurice
D:9:      layout_loops_ring, mainiacjoe_overflow_brackets
D:10:     layout_stronghold, orc_0_dummy, lightli_minifort
D:11:     layout_long_grid, lair_entry_dummy
D:13:     layout_rooms, kennysheep_generic_room_6, uniq_azrael
Temple:   minmay_freezing_vapour_temple
